 Dungeon Crawl Stone Soup version 0.27-a0-577-ge2a43ba0c9 (webtiles) character file.

Game seed: 15309822916008632068

39 Anon1729 the Grasshopper (level 3, -1/31 HPs)
             Began as a Palentonga Warper on Mar 9, 2021.
             Killed from afar by Sigmund (10 damage)
             ... with a puff of flame
             ... on level 2 of the Dungeon.
             The game lasted 00:02:26 (1685 turns).

Anon1729 the Grasshopper (Palentonga Warper)        Turns: 1685, Time: 00:02:27

Health: -1/31      AC:  5    Str: 15    XL:     3   Next: 28%
Magic:  4/6        EV:  9    Int: 13    God:
Gold:   104        SH:  0    Dex:  9    Spells: 4/6 levels left

rFire    . . .     SeeInvis +   a - +0 mace
rCold    . . .     Faith    .   (no shield)
rNeg     . . .     Spirit   .   b - +0 leather armour
rPois    .         Reflect  .   (no helmet)
rElec    .         Harm     .   g - +0 cloak
rCorr    .         Rampage  .   (no gloves)
Will     .....                  (no barding)
Stlth    +.........             (no amulet)
HPRegen  0.10/turn              (no ring)
MPRegen  0.10/turn              (no ring)

@: no status effects
A: large, rugged brown scales 3, see invisible, deformed body, roll 1, armoured
tail
a: Rolling Charge


You were on level 2 of the Dungeon.
You visited 1 branch of the dungeon, and saw 2 of its levels.

You collected 104 gold pieces.

Inventory:

Hand Weapons
 a - a +0 mace (weapon)
Missiles
 e - 3 boomerangs of dispersal
Armour
 b - a +0 leather armour (worn)
 g - a +0 cloak (worn)
Scrolls
 d - a scroll of blinking
 f - 2 scrolls of identify {unknown}
 h - a scroll of fear {unknown}
Potions
 c - a potion of attraction {unknown}


   Skills:
 + Level 2.2 Fighting
 + Level 2.3 Maces & Flails
 + Level 1.1 Throwing
 + Level 1.1 Armour
 + Level 1.8 Dodging
 + Level 2.2 Spellcasting
 + Level 3.1 Translocations


You had 4 spell levels left.
You knew the following spells:

 Your Spells              Type           Power      Damage    Failure   Level
a - Blink                 Tloc           N/A        N/A       13%         2

Your spell library contained the following spells:

 Spells                   Type           Power      Damage    Failure   Level
 Gell's Gravitas          Tloc           4%         N/A       26%         3
 Lesser Beckoning         Tloc           4%         N/A       26%         3
 Teleport Other           Tloc           9%         N/A       26%         3
 Manifold Assault         Tloc           9%         N/A       63%         4


Dungeon Overview and Level Annotations

Branches:
Dungeon (2/15)

Altars:

Annotations:
D:2 Sigmund


Innate Abilities, Weirdness & Mutations

You are completely covered in rugged brown scales. (AC +3, +7% HP)
You have supernaturally acute eyesight. (SInv)
Armour fits poorly on your strangely shaped body.
You can roll at nearby foes to attack.
You have a long armoured tail.


Message History

You closely miss Sigmund.
Sigmund is severely wounded.
Sigmund closely misses you.
You barely miss Sigmund.
Sigmund is severely wounded.
Sigmund closely misses you.
You barely miss Sigmund.
Sigmund is severely wounded.
Sigmund misses you.
You hit Sigmund.
Your tail-slap misses Sigmund.
Sigmund is almost dead.
You hit Sigmund but do no damage.
You tail-slap Sigmund, but do no damage.
Sigmund is almost dead.
Sigmund hits you with a +0 scythe!
You barely miss Sigmund.
Sigmund is almost dead.
Sigmund gestures at you while chanting. You resist with significant effort.
Sigmund hits you with a +0 scythe!
You hit Sigmund but do no damage.
Sigmund is almost dead.
You closely miss Sigmund.
Sigmund is almost dead.
Sigmund casts a spell at you. The magic dart hits you.
* * * LOW HITPOINT WARNING * * *
Sigmund barely misses you.
You closely miss Sigmund.
Sigmund is almost dead.
You closely miss Sigmund.
Sigmund is almost dead.
Sigmund barely misses you.
Casting: Blink (safe; 13% risk of failure)
Confirm with . or Enter, or press ? or * to list all spells.
You blink.
A goblin comes into view. It is wielding a +0 mace.
The goblin shouts!
Sigmund casts a spell at you. The puff of flame hits you!
You die...

#.#.#.# #.#.#.#
#.#<#.# #.#...#
#.#.###
########'#ยง#
#........@.#
#........).#
#........@##
########........g
#.####.... #.# ..
#.# #.# #.# #.


You could see Sigmund (invisible) and a goblin.

Vanquished Creatures
  2 dart slugs (D:1)
  A leopard gecko (D:1)
  A bat (D:1)
  A giant cockroach (D:1)
  3 goblins (D:1)
  5 hobgoblins (D:1)
  7 jackals (D:1)
  2 kobolds (D:1)
  A ball python (D:1)
  3 frilled lizards (D:1)
  5 rats (D:1)
31 creatures vanquished.

Notes
Turn   | Place    | Note
-------+----------+-------------------------------------------
     0 | D:1      | Anon1729 the Palentonga Warper began the quest for the Orb.
     0 | D:1      | Reached XP level 1. HP: 18/18 MP: 3/3
   189 | D:1      | Reached XP level 2. HP: 10/25 MP: 5/5
   195 | D:1      | HP: 1/25 [leopard gecko (2)]
   198 | D:1      | Reached skill level 1 in Armour
   205 | D:1      | Learned a level 2 spell: Blink
   631 | D:1      | Reached skill level 1 in Throwing
   996 | D:1      | Reached XP level 3. HP: 9/31 MP: 2/6
  1666 | D:2      | Noticed Sigmund
  1685 | D:2      | Killed from afar by Sigmund

Illustrated notes

Levels and vault maps discovered:
D:1:      sevenhm_arrival_forest_fort_large_4, layout_basic,
          hangedman_feature_mirror, minivault_4, minivault_14, hex_tiny
D:2:      layout_basic, uniq_sigmund

Skill      XL: |  1  2 |
---------------+-------+-----
Armour         | 1 |  1.1
Throwing       | 1 |  1.1
Fighting       | |  2.2
Maces & Flails | |  2.3
Dodging        | |  1.8
Spellcasting   | |  2.2
Translocations | |  3.1

Action                   || total
-------------------------++-------
Melee: Mace              ||    94
       Tailslap          ||     6
Throw: Boomerang         ||     2
 Cast: Blink             ||     6
 Abil: Rolling Charge    ||     4
Armor: Leather armour    ||    36
Dodge: Dodged            ||    52

Table legend: (Time is in decaauts)
 A = Elapsed time spent in this place.
 B = Non-inter-level travel time spent in this place.
 C = Inter-level travel time spent in this place.
 D = Time resting spent in this place.
 E = Time spent auto-exploring this place.
 F = Levels seen in this place.
 G = Mean time per level.
                   A        B        C        D        E       F      G
               +--------+--------+--------+--------+--------+-----+--------+
         Total |   1716 |   1700 |     16 |    150 |   1226 |   2 |  858.0 |
       Dungeon |   1716 |   1700 |     16 |    150 |   1226 |   2 |  858.0 |
               +--------+--------+--------+--------+--------+-----+--------+

Top non-repeatable levels by time:
     D:1: 1674 daAuts
     D:2: 41 daAuts
